 Dungeon Crawl Stone Soup version 0.31-a0-188-g5e087ee2ca (webtiles) character file.

Game seed: 16089100514923522471

13 qw the Shooter (level 2, 0/16 HPs)
             Began as a Deep Elf Hunter on June 23, 2023.
             Slain by a hobgoblin (2 damage)
             ... on level 1 of the Dungeon.
             The game lasted 00:00:06 (360 turns).

qw the Shooter (Deep Elf Hunter)                     Turns: 360, Time: 00:00:07

Health: 0/16       AC:  3    Str:  8    XL:     2   Next: 24%
Magic:  4/4        EV: 12    Int: 13    God:
Gold:   47         SH:  0    Dex: 18    Spells: 1/1 levels left

rFire   . . .        a - +0 shortbow
rCold   . . .        (shield currently unavailable)
rNeg    . . .        c - +0 leather armour
rPois   .            (no helmet)
rElec   .            (no cloak)
rCorr   .            (no gloves)
SInv    .            (no boots)
Will    .....        (no amulet)
Stlth   ++           (no ring)
HPRegen 0.22/turn    (no ring)
MPRegen 0.09/turn

%: no passive effects
@: no status effects
A: no striking features
a: no special abilities


You were on level 1 of the Dungeon.
You visited 1 branch of the dungeon, and saw 1 of its levels.

You collected 47 gold pieces.


   Skills:
 - Level 1.5 Fighting
 + Level 6.1 Ranged Weapons
 - Level 2.4 Dodging
 - Level 1.2 Stealth


You had one spell level left.
You didn't know any spells.
Your spell library was empty.

Inventory:

Hand Weapons
 a - a +0 shortbow (weapon)
Armour
 c - a +0 leather armour (worn)
 k - a +0 ring mail
Jewellery
 f - a ring of magical power
Scrolls
 b - a scroll of butterflies
 d - a scroll of identify {unknown}
 e - a scroll of revelation {unknown}
 i - a scroll of teleportation {unknown}
Potions
 g - a potion of attraction {unknown}
 h - a potion of heal wounds {unknown}
 j - a potion of might {unknown}

Dungeon Overview and Level Annotations

Branches:
Dungeon (1/15)

Altars:


Message History

You shoot an arrow.
The arrow barely misses the giant cockroach.
The arrow hits the frilled lizard.
You kill the frilled lizard!
The bat closely misses you. The giant cockroach barely misses you.
You shoot an arrow. The arrow hits the giant cockroach.
The giant cockroach is heavily wounded.
The bat closely misses you. The giant cockroach closely misses you.
The hobgoblin hits you.
The giant cockroach bites you but does no damage.
You shoot an arrow.
The arrow hits the giant cockroach but does no damage.
The giant cockroach is heavily wounded.
The bat barely misses you. The hobgoblin hits you.
The giant cockroach bites you. The hobgoblin closely misses you.
The bat barely misses you.
You shoot an arrow.
The arrow barely misses the giant cockroach.
The bat hits you but does no damage. The giant cockroach bites you.
The bat hits you. The hobgoblin closely misses you.
The giant cockroach bites you.
You shoot an arrow.
The arrow closely misses the giant cockroach.
The bat closely misses you. The bat misses you.
The bat hits you but does no damage. The giant cockroach barely misses you.
The hobgoblin hits you but does no damage.
You shoot an arrow. The arrow hits the giant cockroach!
You kill the giant cockroach!
The bat completely misses you. The bat hits you but does no damage.
The bat misses you.
The hobgoblin hits you but does no damage.
The endoplasm hits you.
You shoot an arrow. The arrow hits the bat.
You kill the bat!
The endoplasm freezes you.
You are frozen.
The hobgoblin misses you.
You shoot an arrow. The arrow closely misses the hobgoblin.
The endoplasm freezes you.
You are frozen.
The hobgoblin hits you.
You die...

############ #########
#....%...... ......J.##
#.#######...
#....g@.####.##........
#.....#%.....##........
.......######...........
....%.. #.#.#.......
....... #.#.####....
....... ###.#.# #....
....... ....#.####^...
....... ..............
#######.######


You could see an endoplasm and a hobgoblin.

Vanquished Creatures
  2 giant cockroaches (D:1)
  A hobgoblin (D:1)
  3 bats (D:1)
  2 frilled lizards (D:1)
  3 goblins (D:1)
  A rat (D:1)
12 creatures vanquished.

Notes
Turn   | Place    | Note
-------+----------+-------------------------------------------
     0 | D:1      | qw the Deep Elf Hunter began the quest for the Orb.
     0 | D:1      | Reached XP level 1. HP: 12/12 MP: 3/3
     0 | D:1      | 0 ||| qw: Version: 0.3-a-9-g12657ce
     0 | D:1      | 0 ||| qw: Game counter: 4037
     0 | D:1      | 0 ||| qw: Always use a shield: true
     0 | D:1      | 0 ||| qw: God list: Okawaru
     0 | D:1      | 0 ||| qw: Allow faded altars: false
     0 | D:1      | 0 ||| qw: Do Orc after D:15 true
     0 | D:1      | 0 ||| qw: Do second Lair branch before Depths: true
     0 | D:1      | 0 ||| qw: Lair rune preference: random
     0 | D:1      | 0 ||| qw: Plans: Normal
     0 | D:1      | 0 ||| PLANNING D:1-11
   281 | D:1      | Reached skill level 6 in Ranged Weapons
   281 | D:1      | Reached XP level 2. HP: 16/16 MP: 4/4
   360 | D:1      | HP: 2/16 [frozen (5)]
   360 | D:1      | Slain by a hobgoblin

Levels and vault maps discovered:
D:1:      dpeg_arrival_three_same_balls, layout_basic

Skill      XL: |  1 |
---------------+----+-----
Ranged Weapons | 6 |  6.1
Fighting       | |  1.5
Dodging        | |  2.4
Stealth        | |  1.2

Action                     || total
---------------------------++-------
   Fire: Shortbow          ||    25
 Armour: Leather armour    ||     6
  Dodge: Dodged            ||    15

Table legend:
 A = Non-vault XP
 B = Vault XP
 C = Vault XP percentage of total XP
 D = Non-vault monster count
 E = Vault monster count
 F = Vault count percentage of total count
                 A         B        C        D         E       F
            +---------+---------+-------+---------+---------+-------
      Total |      19 |       0 |   0.0 |      12 |       0 |   0.0
            +---------+---------+-------+---------+---------+-------
        D:1 |      19 |       0 |   0.0 |      12 |       0 |   0.0
            +---------+---------+-------+---------+---------+-------
